 Dungeon Crawl Stone Soup version 0.29.1-12-g30fa7ad0bf (webtiles) character file.

Game seed: 15873453511571126059

2 MajorAdolf the Gusty (level 1, -2/15 HPs)
             Began as a Naga Wanderer on Jan 14, 2023.
             Slain by a jackal (3 damage)
             ... on level 1 of the Dungeon.
             The game lasted 00:00:59 (136 turns).

MajorAdolf the Gusty (Naga Wanderer)                 Turns: 136, Time: 00:01:00

Health: -2/15      AC:  2    Str: 14    XL:     1   Next: 40%
Magic:  0/4        EV:  9    Int: 14    God:
Gold:   8          SH:  0    Dex:  8    Spells: 5/6 levels left

rFire   . . .      SeeInvis +   a - +0 club
rCold   . . .      Faith    .   (no shield)
rNeg    . . .      Spirit   .   c - +0 robe
rPois   +          Reflect  .   (no helmet)
rElec   .          Harm     .   d - +0 cloak
rCorr   .          Rampage  .   (no gloves)
Will    .....                   (no barding)
Stlth   +.........              (no amulet)
HPRegen 0.05/turn               (no ring)
MPRegen 0.09/turn               (no ring)

@: very slightly contaminated, very slow
A: AC +0, large, see invisible, deformed body, poison resistance, slowness 2,
spit poison 1, naga tail 1
a: Spit Poison


You were on level 1 of the Dungeon.
You visited 1 branch of the dungeon, and saw 1 of its levels.

You collected 8 gold pieces.

Inventory:

Hand Weapons
 a - a +0 club (weapon)
Armour
 c - a +0 robe (worn)
 d - a +0 cloak (worn)
Scrolls
 e - a scroll of identify {unknown}
Potions
 b - a potion of attraction


   Skills:
 - Level 1.0 Throwing
 - Level 1.5 Dodging
 - Level 1.5 Stealth
 - Level 3.0 Spellcasting
 + Level 0.8 Ice Magic
 - Level 3.0 Air Magic


You had 5 spell levels left.
You knew the following spells:

 Your Spells              Type           Power      Damage    Failure   Level
a - Freeze                Ice            16%        1d4       16%         1

Your spell library contained the following spells:

 Spells                   Type           Power      Damage    Failure   Level
 Shock                    Conj/Air       24%        1d4       12%         1
 Static Discharge         Conj/Air       6%         3-4/arc   17%         2
 Frozen Ramparts          Ice            8%         1d2       43%         3
 Corpse Rot               Necr/Pois/Air  4%         N/A       80%         4


Dungeon Overview and Level Annotations

Branches:
Dungeon (1/15)

Altars:


Innate Abilities, Weirdness & Mutations

Your serpentine skin is tough. (AC +0)
You have supernaturally acute eyesight. (SInv)
Armour fits poorly on your strangely shaped body.
Your system is resistant to poisons. (rPois)
You cover ground very slowly.
You can spit poison.
You have a snake-like lower body.


Message History

Aiming: Freeze (safe; 16% risk of failure)
Press: ? - help, Shift-Dir - straight line, f/p - jackal
Aim: a jackal You miscast Freeze.
You are very lightly contaminated with residual magic.
Nothing appears to happen.
The goblin shouts!
You have got your breath back.
The jackal bites you.
A rat comes into view.
Casting: Freeze (safe; 16% risk of failure)
Confirm with . or Enter, or press ? or * to list all spells.
Aiming: Freeze (safe; 16% risk of failure)
Press: ? - help, Shift-Dir - straight line, f/p - jackal
Aim: a jackal You freeze the jackal.
The jackal is severely wounded.
The jackal barks!
The jackal bites you.
The goblin throws a stone.
The stone barely misses you. The jackal attacks as you move away!
The jackal bites you. x2
Casting: Freeze (safe; 16% risk of failure)
Confirm with . or Enter, or press ? or * to list all spells.
Aiming: Freeze (safe; 16% risk of failure)
Press: ? - help, Shift-Dir - straight line, f/p - jackal
Aim: a jackal (severely wounded)
You miscast Freeze.
Nothing appears to happen.
The jackal barely misses you. The jackal bites you.
* * * LOW HITPOINT WARNING * * *
Unknown command.
Casting: Freeze (safe; 16% risk of failure)
Confirm with . or Enter, or press ? or * to list all spells.
Aiming: Freeze (safe; 16% risk of failure)
Press: ? - help, Shift-Dir - straight line, f/p - jackal
Aim: a jackal (severely wounded)
You miscast Freeze.
Nothing appears to happen.
The jackal bites you.
* * * LOW HITPOINT WARNING * * *
Unknown command.
The jackal bites you but does no damage.
The jackal bites you.
You die...

#..#...§§..≈≈≈#
#.#.##.....≈≈#
#...<#.......#
#.#..........#
###...##########
########...###
#........###
.........#######
.....g..h@..>..#
....#...h..###.#
........##.#
.........#r..
#.....#.....##
....P.#..#..#
#...P....#..#
#..P♣ .[.....#
.... P... ...


You could see 2 jackals, a goblin and a rat.

Vanquished Creatures
  2 jackals (D:1)
2 creatures vanquished.

Vanquished Creatures (others)
  5 plants (D:1)
5 creatures vanquished.

Grand Total: 7 creatures vanquished

Notes
Turn   | Place    | Note
-------+----------+-------------------------------------------
     0 | D:1      | MajorAdolf the Naga Wanderer began the quest for the Orb.
     0 | D:1      | MajorAdolf set off with the following items: a +0 club, a
                  | potion of attraction, a +0 robe, a +0 cloak; and the
                  | following spells available to memorise: Shock, Static
                  | Discharge, Freeze, Frozen Ramparts, Corpse Rot.
     0 | D:1      | Reached XP level 1. HP: 15/15 MP: 4/4
     2 | D:1      | Learned a level 1 spell: Freeze
   136 | D:1      | Slain by a jackal

Illustrated notes

Levels and vault maps discovered:
D:1:      dpeg_arrival_lava_altar, layout_basic, serial_forest,
          infiniplex_forest_lined_3, infiniplex_forest_clump_curved,
          infiniplex_forest_lined_1, infiniplex_forest_end_1,
          infiniplex_forest_lined_ring, chequers_serial_rivers_micro_e,
          nicolae_concentric_dashed_squares_wild, minmay_rat_gold_closets

Action                   || total
-------------------------++-------
 Cast: Freeze            ||     7
 Abil: Spit Poison       ||     3
Armor: Robe              ||     4
Dodge: Dodged            ||     4
